 Dungeon Crawl Stone Soup version 0.16.2-12-gd0ad4c3 (webtiles) character file.

12343 faibistes the Thaumaturge (level 11, -4/62 HPs)
             Began as a Deep Elf Wizard on June 29, 2019.
             Was a High Priest of Sif Muna.
             Slain by an orc warrior
             ... wielding a +0 halberd
              (12 damage)
             ... in a bailey on July 1, 2019.
             The game lasted 00:53:17 (16171 turns).

faibistes the Thaumaturge (Deep Elf Wizard)        Turns: 16171, Time: 00:53:17

Health: -4/62      AC:  5    Str:  4    XL:     11   Next: 61%
Magic:  7/33       EV: 16    Int: 27    God:    Sif Muna [*****.]
Gold:   444        SH:  0    Dex: 13    Spells: 8 memorised, 11 levels left

rFire  . . .     SeeInvis +     w - +3 dagger (venom)
rCold  . . .     Clarity  .     a - +0 robe
rNeg   . . .     SustAb   .     (no shield)
rPois  .         Gourm    .     b - +0 hat
rElec  .         Spirit   .     C - +1 cloak {MR+}
rCorr  .         Warding  .     (no gloves)
rMut   .         Stasis   .     T - +0 pair of boots
MR     ++...                    (no amulet)
Stlth  ++........               v - +1 ring of slaying
                                O - ring of see invisible

@: repel missiles, very resistant to hostile enchantments, unstealthy
A: no striking features
a: Channel Energy, Forget Spell, Renounce Religion


You were in a bailey.
You worshipped Sif Muna.
Sif Muna was extremely pleased with you.
You were not hungry.

You visited 2 branches of the dungeon, and saw 12 of its levels.
You also visited: Bailey.

You collected 677 gold pieces.
You spent 233 gold pieces at shops.

Inventory:

Hand weapons
 e - a +0 club
 w - a +3 dagger of venom (weapon)
 V - a +1 dagger of flaming
Armour
 a - a +0 robe (worn)
 b - a +0 hat (worn)
 C - a +1 cloak of magic resistance (worn)
 Q - a troll hide
 T - a +0 pair of boots (worn)
Jewellery
 i - an uncursed ring of invisibility
 v - a +1 ring of slaying (right hand)
 A - an uncursed ring of protection from magic
 G - an uncursed ring of flight
 I - an uncursed ring of sustain abilities
 O - a ring of see invisible (left hand)
Magical devices
 s - a wand of polymorph (23)
 u - a wand of disintegration (11)
 x - a wand of confusion (3)
 B - a wand of invisibility (5)
 D - a wand of draining (1)
 H - a wand of paralysis (13)
 J - a wand of polymorph (17)
Scrolls
 j - 4 scrolls of blinking
 l - 4 scrolls of teleportation
 m - a scroll of immolation
 o - 4 scrolls of fog
 z - 2 scrolls of recharging
Potions
 f - 4 potions of curing
 g - a potion of flight
 k - a potion of berserk rage
 q - 3 potions of haste
 r - a potion of agility
 t - a potion of heal wounds
 E - a potion of brilliance
 F - a potion of resistance
 K - a potion of decay {unknown}
 L - a potion of poison {unknown}
 M - a potion of restore abilities {unknown}
 P - a potion of degeneration {unknown}
Books
 c - a book of Minor Magic

   Spells                             Type                      Level
   a - Magic Dart                     Conjuration                  1
   b - Blink                          Translocation                2
   c - Call Imp                       Summoning                    2
   d - Repel Missiles                 Charms/Air                   2
   e - Slow                           Hexes                        2
   f - Conjure Flame                  Conjuration/Fire             3
   g - Mephitic Cloud                 Conjuration/Poison/Air       3
 n - a book of Enchantments

   Spells                             Type                      Level
   a - Tukima's Dance                 Hexes                        3
   b - Cause Fear                     Hexes                        4
   c - Silence                        Hexes/Air                    5
   d - Deflect Missiles               Charms/Air                   6
   e - Haste                          Charms                       6
   f - Discord                        Hexes                        8
 y - a book of Fire

   Spells                             Type                      Level
   a - Ignite Poison                  Fire/Transmutation           5
   b - Fireball                       Conjuration/Fire             5
   c - Bolt of Fire                   Conjuration/Fire             6
   d - Delayed Fireball               Conjuration/Fire             7
   e - Ring of Flames                 Charms/Fire                  7
 N - a Fen Folio

   Spells                             Type                      Level
   a - Corpse Rot                     Necromancy                   2
   b - Stone Arrow                    Conjuration/Earth            3
   c - Leda's Liquefaction            Hexes/Earth                  4
   d - Summon Forest                  Summoning/Translocation      5
   e - Hydra Form                     Transmutation                6
   f - Summon Hydra                   Summoning                    7
 S - a book of Callings

   Spells                             Type                      Level
   a - Summon Small Mammal            Summoning                    1
   b - Call Imp                       Summoning                    2
   c - Call Canine Familiar           Summoning                    3
   d - Summon Guardian Golem          Hexes/Summoning              4
   e - Summon Lightning Spire         Summoning/Air                4
   f - Summon Ice Beast               Ice/Summoning                4
 W - a book of Cantrips

   Spells                             Type                      Level
   a - Corona                         Hexes                        1
   b - Animate Skeleton               Necromancy                   1
   c - Summon Small Mammal            Summoning                    1
   d - Apportation                    Translocation                1
Comestibles
 d - 5 bread rations
 h - 5 chunks of flesh
 p - 5 meat rations
 R - a fruit


   Skills:
 + Level 4.5 Fighting
 + Level 8.0 Dodging
 - Level 2.4 Stealth
 * Level 11.3 Spellcasting
 + Level 7.2 Conjurations
 + Level 4.1 Charms
 - Level 1.1 Summonings
 + Level 4.2 Translocations
 * Level 6.4 Fire Magic
 - Level 3.9 Air Magic
 * Level 6.8 Earth Magic
 - Level 2.3 Poison Magic
 * Level 5.1 Invocations
 + Level 5.6 Evocations


You had 11 spell levels left.
You knew the following spells:

 Your Spells              Type           Power        Failure   Level  Hunger
a - Magic Dart            Conj           ####         1%          1    None
b - Conjure Flame         Conj/Fire      ######..     1%          3    None
c - Call Imp              Summ           ###.....     4%          2    None
d - Blink                 Tloc           N/A          1%          2    None
e - Mephitic Cloud        Conj/Pois/Air  #####...     1%          3    None
f - Repel Missiles        Chrm/Air       #####.       1%          2    None
x - Stone Arrow           Conj/Erth      ######       1%          3    None
z - Fireball              Conj/Fire      ######....   8%          5    ###....


Dungeon Overview and Level Annotations

Branches:
Dungeon (11/15)            Temple (1/1) D:7            Lair (0/8) D:9
    Orc (0/4) D:11

Altars:
Ashenzari
Cheibriados
Dithmenos
Elyvilon
Fedhas
Gozag
Kikubaaqudgha
Makhleb
Nemelex Xobeh
Okawaru
Qazlal
Ru
Sif Muna
Trog
Vehumet
Xom
Yredelemnul
Zin
The Shining One
Beogh

Shops:
D:6 ?   D:8 *


Message History

The orc warrior seems less confused.
The orc warrior hits you from afar with a halberd.
* * * LOW HITPOINT WARNING * * *
Drink which item? (? for menu, Esc to quit)
You feel much better.
The orc warrior shoots a bolt.
The bolt closely misses you. The orc warrior closely misses you.
The orc warrior hits you from afar with a glaive!!
* * * LOW HITPOINT WARNING * * *
The orc knight is engulfed in noxious fumes.
The orc knight appears confused.
The orc knight is engulfed in noxious fumes.
You see here a bolt.
Casting: Mephitic Cloud
Confirm with . or Enter, or press ? or * to list all spells.
Aiming: Mephitic Cloud
Press: ? - help, Shift-Dir - straight line, p - orc knight The ball explodes into a vile cloud!
The stinking cloud engulfs the orc warrior.
The orc warrior hits you from afar with a halberd!
You die...

### ###### ##∩##
######
#..§o§##.∩@##.....#
#..≈≈§§.#o(.#..≈≈≈..#
#.≈≈.§≈.(oo...≈≈.≈≈.#
'.≈...≈....§§§≈)).≈.+
.≈≈.≈≈....(§§§≈.≈≈.
..≈≈≈..#...#§o≈≈≈..
#.....##...##.....#
##### ##∩## ##### ###


You could see an orc knight (confused) and 3 orc warriors.

Vanquished Creatures
  An unseen horror (D:10)
  The ghost of faibistes the Thaumaturge, an experienced DEWz of Sif Muna (D:10)
  2 cyclopes
  A troll (D:11)
  3 polar bears (D:8)
  3 slime creatures (D:9)
  A two-headed ogre (D:8)
  11 yaks
  A deep elf fighter (D:9)
  2 hungry ghosts (D:11)
  3 wolves (D:8)
  A water moccasin (D:6)
  7 ice beasts
  A sky beast (D:9)
  13 orc warriors
  2 phantoms
  5 ogres
  2 wasps
  2 centaurs (D:8)
  A crocodile (D:9)
  2 big kobolds
  Blork the orc (D:7)
  14 jellies
  A water moccasin zombie (D:8)
  4 giant frogs
  A troll zombie (D:11)
  2 scorpions
  9 wights
  7 crimson imps
  5 goliath beetles
  An electric eel (D:8)
  A giant frog zombie (D:5)
  3 quasits
  A centaur zombie (D:9)
  9 orc priests
  Crazy Yiuf (D:3)
  A gnoll shaman (D:9)
  6 orc wizards
  3 hounds
  2 sheep (D:11)
  8 worker ants
  4 iguanas
  5 ogre zombies (D:11)
  2 killer bee zombies
  A hound skeleton (D:4)
  8 adders
  3 river rats (D:9)
  A giant mite (D:8)
  3 gnolls (D:9)
  4 shadow imps
  3 white imps (D:8)
  An ufetubus (D:8)
  An adder zombie (D:5)
  An adder skeleton (D:9)
  An adder simulacrum (D:8)
  5 giant geckos
  4 oozes
  60 orcs
  2 bat skeletons
  A bat zombie (D:7)
  6 giant cockroaches
  11 goblins
  15 hobgoblins
  2 jackals
  3 quokkas
  A ball python (D:1)
  34 bats
  A giant gecko zombie (D:8)
  5 giant newts
  2 giant spores
  A goblin skeleton (D:11)
  A hobgoblin skeleton (D:11)
  4 hobgoblin zombies (D:11)
  A jackal simulacrum (D:8)
  A jackal skeleton (D:9)
  23 kobolds
  8 orc zombies
  A quokka skeleton (D:5)
  20 rats
  4 ballistomycetes
399 creatures vanquished.

Vanquished Creatures (collateral kills)
  A worker ant (D:5)
  An orc (D:2)
  3 hobgoblins
  A ball python (D:2)
  4 jackals
  A rat (D:2)
11 creatures vanquished.

Vanquished Creatures (others)
  An orc (D:9)
  5 fungi (D:9)
  A plant (D:9)
7 creatures vanquished.

Grand Total: 417 creatures vanquished

Notes
Turn   | Place    | Note
--------------------------------------------------------------
     0 | D:1      | faibistes, the Deep Elf Wizard, began the quest for the Orb.
     0 | D:1      | Reached XP level 1. HP: 10/10 MP: 6/6
   262 | D:1      | Reached XP level 2. HP: 15/15 MP: 7/9
   266 | D:1      | Learned a level 2 spell: Blink
   269 | D:1      | Learned a level 2 spell: Call Imp
   964 | D:1      | Reached XP level 3. HP: 19/19 MP: 10/13
   969 | D:1      | Learned a level 3 spell: Conjure Flame
   973 | D:1      | Learned a level 3 spell: Mephitic Cloud
  1640 | D:2      | Found a shadowy altar of Dithmenos.
  1802 | D:3      | Reached skill level 5 in Spellcasting
  1965 | D:3      | Reached XP level 4. HP: 12/24 MP: 3/17
  2201 | D:2      | Learned a level 2 spell: Repel Missiles
  3228 | D:3      | Reached XP level 5. HP: 28/28 MP: 16/20
  3397 | D:3      | Noticed Crazy Yiuf
  3402 | D:3      | Killed Crazy Yiuf
  3616 | D:4      | Reached skill level 6 in Spellcasting
  3728 | D:5      | Entered Level 5 of the Dungeon
  3819 | D:4      | Reached XP level 6. HP: 32/32 MP: 12/22
  3966 | D:6      | Found a blossoming altar of Fedhas.
  4065 | D:5      | Reached skill level 1 in Evocations
  4445 | D:4      | Reached skill level 1 in Fighting
  4447 | D:4      | Noticed an ice beast
  4463 | D:4      | Killed an ice beast
  4463 | D:4      | Reached skill level 7 in Spellcasting
  4615 | D:4      | Reached XP level 7. HP: 38/38 MP: 16/25
  5712 | D:5      | Reached skill level 5 in Dodging
  5766 | D:6      | Noticed a water moccasin
  5918 | D:6      | Killed a water moccasin
  6017 | D:7      | Found a snail-covered altar of Cheibriados.
  6021 | D:6      | Noticed Blork the orc
  6432 | D:7      | Killed Blork the orc
  6432 | D:7      | Reached skill level 8 in Spellcasting
  6778 | D:5      | Found a glowing golden altar of the Shining One.
  7206 | D:6      | Found a sacrificial altar of Ru.
  7231 | D:6      | Reached XP level 8. HP: 44/46 MP: 9/27
  7354 | D:6      | Found Pnaepugg's Magic Scroll Shoppe.
  7362 | D:6      | Bought a scroll of enchant weapon for 97 gold pieces
  7362 | D:6      | Bought a scroll of teleportation for 39 gold pieces
  7362 | D:6      | Bought a scroll of blinking for 97 gold pieces
  8139 | D:7      | Found a staircase to the Ecumenical Temple.
  8169 | Temple   | Entered the Ecumenical Temple
  8245 | Temple   | Became a worshipper of Sif Muna the Loreminder
  8271 | D:8      | Noticed a polar bear
  8342 | D:7      | Learned a level 3 spell: Stone Arrow
  8393 | D:7      | Reached skill level 9 in Spellcasting
  8408 | D:7      | Reached skill level 1 in Fire Magic
  8408 | D:7      | Reached skill level 1 in Air Magic
  8601 | D:7      | Reached skill level 1 in Earth Magic
  8731 | D:7      | Reached skill level 1 in Poison Magic
  8790 | D:7      | Acquired Sif Muna's first power
  9077 | D:7      | Reached XP level 9. HP: 51/51 MP: 18/29
  9403 | D:7      | Acquired Sif Muna's second power
  9403 | D:7      | Reached skill level 5 in Conjurations
 10205 | D:7      | Found a radiant altar of Vehumet.
 10361 | D:8      | Killed a polar bear
 10413 | D:8      | Noticed a polar bear
 10572 | D:8      | Killed a polar bear
 10572 | D:8      | Reached skill level 10 in Spellcasting
 10733 | D:8      | Noticed a polar bear
 10756 | D:8      | Killed a polar bear
 11066 | D:8      | Noticed a two-headed ogre
 11072 | D:8      | Killed a two-headed ogre
 11072 | D:8      | Reached XP level 10. HP: 56/56 MP: 17/31
 11264 | D:8      | Found Prai's Elemental Accessories.
 11445 | D:8      | Reached skill level 1 in Charms
 11445 | D:8      | Reached skill level 1 in Invocations
 12349 | D:9      | Found a glowing silver altar of Zin.
 12367 | D:9      | Reached skill level 5 in Earth Magic
 12436 | D:9      | Reached skill level 5 in Fire Magic
 12589 | D:9      | Found a white marble altar of Elyvilon.
 12625 | D:9      | Acquired Sif Muna's third power
 13392 | D:9      | Found a roughly hewn altar of Beogh.
 13508 | D:10     | Entered Level 10 of the Dungeon
 13514 | D:10     | Noticed faibistes' ghost (experienced DEWz)
 13674 | D:9      | Reached skill level 5 in Evocations
 13804 | D:9      | Found a staircase to the Lair.
 13815 | D:9      | Learned a level 5 spell: Fireball
 13979 | D:10     | Noticed a cyclops
 14057 | D:10     | Killed a cyclops
 14138 | D:9      | Found a burning altar of Makhleb.
 14286 | D:8      | Reached XP level 11. HP: 61/61 MP: 22/32
 14557 | D:10     | Killed faibistes' ghost
 14973 | D:10     | Noticed an unseen horror
 14977 | D:10     | Killed an unseen horror
 14977 | D:10     | Reached skill level 11 in Spellcasting
 15957 | D:11     | Found a staircase to the Orcish Mines.
 16087 | D:11     | Found a flagged portal.
 16102 | Bailey   | Entered a bailey
 16109 | Bailey   | Reached skill level 5 in Invocations
 16171 | Bailey   | Slain by an orc warrior

Action                   |  1- 3 |  4- 6 |  7- 9 | 10-12 || total
-------------------------+-------+-------+-------+-------++-------
Melee: Unarmed           |     1 |       |       |       ||     1
       Dagger            |       |    26 |    82 |    74 ||   182
 Cast: Magic Dart        |    98 |   121 |   254 |   171 ||   644
       Call Imp          |     5 |     4 |       |       ||     9
       Mephitic Cloud    |     1 |     6 |    11 |    21 ||    39
       Conjure Flame     |       |    11 |    48 |    38 ||    97
       Repel Missiles    |       |     2 |     1 |       ||     3
       Blink             |       |     2 |    10 |    10 ||    22
       Stone Arrow       |       |       |    77 |   109 ||   186
       Fireball          |       |       |       |    43 ||    43
Invok: Channel Energy    |       |       |       |    35 ||    35
Evoke: Wand              |       |     1 |     5 |       ||     6
  Use: Potion            |     1 |       |       |     3 ||     4
       Scroll            |       |     7 |     6 |     8 ||    21
 Stab: Sleeping          |       |       |     1 |       ||     1
  Eat: Chunk             |     3 |     8 |    12 |    19 ||    42
       Fruit             |       |       |     1 |     2 ||     3
       Beef jerky        |       |       |     1 |       ||     1
       Bread ration      |       |       |     1 |     1 ||     2
       Pizza             |       |       |     1 |       ||     1
